 Dungeon Crawl Stone Soup version 0.28.0 (webtiles) character file.

Game seed: 6482768605081462685

5 sanka the Digger (level 1, 0/10 HPs)
             Began as a Tengu Earth Elementalist on Feb 9, 2022.
             Slain by a kobold (3 damage)
             ... on level 1 of the Dungeon.
             The game lasted 00:00:27 (80 turns).

sanka the Digger (Tengu Earth Elementalist)           Turns: 80, Time: 00:00:27

Health: 0/10       AC:  2    Str:  8    XL:     1   Next: 80%
Magic:  1/4        EV: 12    Int: 15    God:
Gold:   0          SH:  0    Dex: 14    Spells: 3/4 levels left

rFire   . . .      SeeInvis .   (no weapon)
rCold   . . .      Faith    .   (no shield)
rNeg    . . .      Spirit   .   b - +0 robe
rPois   .          Reflect  .   (helmet restricted)
rElec   .          Harm     .   (no cloak)
rCorr   .          Rampage  .   (no gloves)
Will    +....                   (boots unavailable)
Stlth   ++........              (no amulet)
HPRegen 0.03/turn               a - ring of willpower
MPRegen 0.09/turn               (no ring)

@: no status effects
A: beak, talons 3
a: no special abilities


You were on level 1 of the Dungeon.
You visited 1 branch of the dungeon, and saw 1 of its levels.

Inventory:

Missiles
 c - 26 stones
Armour
 b - a +0 robe (worn)
Jewellery
 a - a ring of willpower (left hand)
 f - a ring of wizardry
Scrolls
 d - a scroll of teleportation {unknown}
 e - a scroll of summoning {unknown}


   Skills:
 - Level 2.1 Dodging
 - Level 2.0 Stealth
 + Level 2.1 Spellcasting
 + Level 0.9 Conjurations
 - Level 0.7 Transmutations
 + Level 2.2 Earth Magic


You had 3 spell levels left.
You knew the following spells:

 Your Spells              Type           Power      Damage    Failure   Level
a - Sandblast             Erth           16%        2d6       9%          1

Your spell library contained the following spells:

 Spells                   Type           Power      Damage    Failure   Level
 Passwall                 Tmut/Erth      5%         N/A       19%         2
 Stone Arrow              Conj/Erth      12%        3d7       34%         3
 Petrify                  Tmut/Erth      6%         N/A       75%         4


Dungeon Overview and Level Annotations

Branches:
Dungeon (1/15)

Altars:


Innate Abilities, Weirdness & Mutations

You have a beak for a mouth.
You have claws for feet.


Message History

You kill the jackal!
You are too depleted to draw on your mana recklessly!
You hit the jackal but do no damage. Your peck misses the jackal.
The jackal bites you but does no damage.
A hobgoblin comes into view.
You closely miss the jackal.
The hobgoblin shouts!
The jackal misses you. x2
Unknown command.
You closely miss the jackal. Your kick misses the jackal.
You peck the jackal, but do no damage. Your punch misses the jackal.
The jackal bites you.
Unknown command.
You hit the jackal but do no damage. Your kick misses the jackal.
The jackal closely misses you. The jackal barely misses you.
Unknown command.
You closely miss the jackal. Your kick misses the jackal.
The jackal closely misses you.
Unknown command.
You hit the jackal.
The jackal is heavily wounded.
The jackal barely misses you.
Unknown command.
You barely miss the jackal.
The jackal is heavily wounded.
The jackal bites you.
* * * LOW HITPOINT WARNING * * *
The jackal completely misses you.
Unknown command.
You are too injured to fight recklessly!
Unknown command.
You are too injured to fight recklessly!
Unknown command.
You are too injured to fight recklessly!
You miss the jackal. You claw the jackal.
You kill the jackal!
You hit the kobold but do no damage. You peck the kobold.
The kobold is moderately wounded.
The kobold hits you with a +0 short sword.
You die...

######## ###
#########......#..... #
.....ggK@......#....# #
......h##......#...## #
.....#.##......#....# #
.....h............... #
####.#...........########
#.#######.....#8#8#8#8 #
#.....#.......
#.....'.#####.
#.....#.......


You could see a jackal, a hobgoblin, a goblin and a kobold.

Vanquished Creatures
  An endoplasm (D:1)
  3 jackals (D:1)
4 creatures vanquished.

Notes
Turn   | Place    | Note
-------+----------+-------------------------------------------
     0 | D:1      | sanka the Tengu Earth Elementalist began the quest for the
                  | Orb.
     0 | D:1      | Reached XP level 1. HP: 10/10 MP: 4/4
    80 | D:1      | Slain by a kobold

Illustrated notes

Levels and vault maps discovered:
D:1:      heliophobic_arrival_ceremonial_halls, layout_basic

Action                   || total
-------------------------++-------
Melee: Unarmed           ||    12
       Peck              ||     3
       Kick              ||     2
 Cast: Sandblast         ||     4
 Stab: Sleeping          ||     1
Armor: Robe              ||     1
Dodge: Dodged            ||    13
